AoeStats
← Beto41354

Hideout

510269617Analyzed
1v1 RM · 22h ago on Sep 30, 2026· 31m 12s· 2 players
Game mode
Random Map
Map size
Tiny (2 player)
Population
200
Speed
Normal
Resources
Standard
Victory
Conquest
Starting age
Dark Age
Ending age
Imperial Age
RankedLock teamsTeams togetherTeam positionsShared explorationLock speedFull tech treeHidden civsTurbo modeCheats
Victory
Defeat
🇦🇷 Turks · Argentina
630
+16
🇬🇧 Spanish · United Kingdom
633
-16
Beto41354
7:47 Loom
10:31 Feudal Age
11:00 Double-Bit Axe
11:29 Horse Collar
13:13 Bloodlines
20:25 Castle Age
19:17 Scale Barding Armor
19:34 Stone Mining
20:43 Gold Mining
21:27 Bow Saw
23:01 Chain Barding Armor
24:19 Heavy Plow
27:19 Gold Shaft Mining
31:17 Wheelbarrow
Rdog013
8:32 Loom
11:50 Feudal Age
12:32 Double-Bit Axe
12:44 Horse Collar
26:18 Castle Age
25:32 Bloodlines
26:29 Stone Mining
26:31 Gold Mining
28:40 Light Cavalry
29:26 Husbandry
Connection lost

Rejoining the realm…

Still unreachable

The connection could not be restored.

Session expired

The server has moved on; the page needs a fresh start.